MWL (24 & UNDER)
WISCONSIN RAPIDS RANGERS @ BARRY'S BAY ORIOLES
06/29/2026
 
TOP OF THE 1ST
Wisconsin Rapids Rangers batting - Pitching for Barry's Bay Orioles : RHP Ramón Marerro
Pitching: RHP Ramón Marerro
Batting: RHB Aurelio Cruz 0-0: Ball
1-0: Called Strike
1-1: Foul Ball, location: 2F
1-2: Foul Ball, location: 2F
1-2: Foul Ball, location: 2F
1-2: Foul Ball, location: 2F
1-2: Foul Ball, location: 2F
1-2: Ball
2-2: Ball
3-2: Strikes out swinging
Batting: RHB Andrés Bustamante 0-0: Foul Ball, location: 2F
0-1: SINGLE (Groundball, 56D)
Batting: RHB Júlio Sánchez 0-0: Swinging Strike
0-1: Swinging Strike
0-2: Foul Ball, location: 2F
0-2: Ball
1-2: Ball
2-2: SINGLE (Line Drive, 7S)
Andrés Bustamante to second
Batting: LHB Luis Rodríguez 0-0: Swinging Strike
0-1: Called Strike
0-2: Strikes out looking
Batting: SHB Forest Cruz 0-0: Called Strike
0-1: Foul Ball, location: 2F
0-2: Foul Ball, location: 2F
0-2: Ball
1-2: Foul Ball, location: 2F
1-2: Fly out, F6 (Popup, 6)
Top of the 1st over - 0 run(s), 2 hit(s), 0 error(s), 2 left on base; Wisconsin Rapids 0 - Barry's Bay 0
BOTTOM OF THE 1ST
Barry's Bay Orioles batting - Pitching for Wisconsin Rapids Rangers : RHP Jack Hampton
Pitching: RHP Jack Hampton
Batting: RHB Jason Ward 0-0: SINGLE (Groundball, 6MD)
Batting: LHB Manuel Pérez 0-0: Called Strike
0-1: Ball
1-1: Called Strike
1-2: Foul Ball, location: 2F
1-2: Strikes out swinging
Batting: LHB Howard Evans 0-0: Ball
1-0: Ball
Jason Ward steals 2nd base
2-0: Called Strike
2-1: Ball
3-1: Foul Ball, location: 2F
3-2: Fly out, F7 (Flyball, 78D)
Batting: RHB Sergio Solíz 0-0: Called Strike
0-1: Swinging Strike
0-2: Ball
1-2: Ball
2-2: Strikes out swinging
Bottom of the 1st over - 0 run(s), 1 hit(s), 0 error(s), 1 left on base; Wisconsin Rapids 0 - Barry's Bay 0
TOP OF THE 2ND
Wisconsin Rapids Rangers batting - Pitching for Barry's Bay Orioles : RHP Ramón Marerro
Batting: RHB Jesús Silva 0-0: Called Strike
0-1: Ball
1-1: Fly out, F7 (Flyball, 7M)
Batting: SHB José González 0-0: Ball
1-0: Foul Ball, location: 2F
1-1: Ball
2-1: Reached on error, E5 (Groundball, 56S)
Batting: RHB Salvador Vázquez 0-0: Called Strike
0-1: Foul Ball, location: 2F
0-2: Strikes out looking
Batting: RHB Troy Reed 0-0: Called Strike
0-1: Ball
1-1: Ball
2-1: Foul Ball, location: 2F
2-2: Strikes out swinging
Top of the 2nd over - 0 run(s), 0 hit(s), 1 error(s), 1 left on base; Wisconsin Rapids 0 - Barry's Bay 0
BOTTOM OF THE 2ND
Barry's Bay Orioles batting - Pitching for Wisconsin Rapids Rangers : RHP Jack Hampton
Batting: LHB José Rodríguez 0-0: Fly out, F6 (Popup, 6D)
Batting: RHB James Tucker 0-0: Called Strike
0-1: Ball
1-1: Ball
2-1: Ball
3-1: Foul Ball, location: 2F
3-2: Base on Balls
Batting: RHB Guy Morrison 0-0: Called Strike
0-1: Ball
1-1: Grounds into double play, 5-4-3 (Groundball, 56)
Bottom of the 2nd over - 0 run(s), 0 hit(s), 0 error(s), 0 left on base; Wisconsin Rapids 0 - Barry's Bay 0
TOP OF THE 3RD
Wisconsin Rapids Rangers batting - Pitching for Barry's Bay Orioles : RHP Ramón Marerro
Batting: RHB Aurelio Cruz 0-0: Foul Ball, location: 2F
0-1: Foul Ball, location: 2F
0-2: Ground out 5-3 (Groundball, 56S)
Batting: RHB Andrés Bustamante 0-0: Ground out 4-3 (Groundball, 13)
Batting: RHB Júlio Sánchez 0-0: Ball
1-0: Ball
2-0: Called Strike
2-1: SINGLE (Groundball, 56D)
Batting: LHB Luis Rodríguez 0-0: Called Strike
0-1: Foul Ball, location: 2F
0-2: Hit by Pitch
Júlio Sánchez to second
Batting: SHB Forest Cruz 0-0: Ball
1-0: Ball
2-0: Swinging Strike
2-1: Swinging Strike
2-2: Foul Ball, location: 2F
2-2: SINGLE (Flyball, 78S)
Júlio Sánchez to third
Luis Rodríguez to second
Runner from 3rd tries for Home, SAFE, no throw or cutoff
Batting: RHB Jesús Silva 0-0: Ball
1-0: Foul Ball, location: 2F
1-1: Ball
2-1: Ball
3-1: Base on Balls
Luis Rodríguez to third
Forest Cruz to second
Batting: SHB José González 0-0: Ground out 5-3 (Groundball, 56)
Top of the 3rd over - 1 run(s), 2 hit(s), 0 error(s), 3 left on base; Wisconsin Rapids 1 - Barry's Bay 0
BOTTOM OF THE 3RD
Barry's Bay Orioles batting - Pitching for Wisconsin Rapids Rangers : RHP Jack Hampton
Batting: LHB Carlos Romero 0-0: Foul Ball, location: 2F
0-1: Called Strike
0-2: Strikes out swinging
Batting: RHB Curt Wagner 0-0: Called Strike
0-1: Fly out, F9 (Flyball, 9M)
Batting: RHB Jason Ward 0-0: Called Strike
0-1: Ball
1-1: Called Strike
1-2: Strikes out looking
Bottom of the 3rd over - 0 run(s), 0 hit(s), 0 error(s), 0 left on base; Wisconsin Rapids 1 - Barry's Bay 0
TOP OF THE 4TH
Wisconsin Rapids Rangers batting - Pitching for Barry's Bay Orioles : RHP Ramón Marerro
Batting: RHB Salvador Vázquez 0-0: Called Strike
0-1: Ball
1-1: Called Strike
1-2: Foul Ball, location: 2F
1-2: Ball
2-2: Ground out 5-3 (Groundball, 56)
Batting: RHB Troy Reed 0-0: Ball
1-0: Ground out 5-3 (Groundball, 5S)
Batting: RHB Aurelio Cruz 0-0: Foul Ball, location: 2F
0-1: Fly out, F9 (Flyball, 9LMF)
Top of the 4th over - 0 run(s), 0 hit(s), 0 error(s), 0 left on base; Wisconsin Rapids 1 - Barry's Bay 0
BOTTOM OF THE 4TH
Barry's Bay Orioles batting - Pitching for Wisconsin Rapids Rangers : RHP Jack Hampton
Batting: LHB Manuel Pérez 0-0: Fly out, F7 (Flyball, 7S)
Batting: LHB Howard Evans 0-0: Ball
1-0: Ball
2-0: Foul Ball, location: 2F
2-1: Foul Ball, location: 2F
2-2: Ball
3-2: Base on Balls
Batting: RHB Sergio Solíz 0-0: Ball
1-0: Called Strike
1-1: Fly out, F4 (Line Drive, 4M)
Batting: LHB José Rodríguez 0-0: Called Strike
0-1: Ball
1-1: Foul Ball, location: 2F
1-2: Strikes out looking
Bottom of the 4th over - 0 run(s), 0 hit(s), 0 error(s), 1 left on base; Wisconsin Rapids 1 - Barry's Bay 0
TOP OF THE 5TH
Wisconsin Rapids Rangers batting - Pitching for Barry's Bay Orioles : RHP Ramón Marerro
Batting: RHB Andrés Bustamante 0-0: SINGLE (Line Drive, 9S)
Batting: RHB Júlio Sánchez 0-0: Fly out, F7 (Flyball, 78M)
Batting: LHB Luis Rodríguez 0-0: Ball
1-0: Ball
2-0: Ball
Pickoff Throw to First - Out!
3-0: Called Strike
3-1: Ground out 4-3 (Groundball, 4)
Top of the 5th over - 0 run(s), 1 hit(s), 0 error(s), 0 left on base; Wisconsin Rapids 1 - Barry's Bay 0
BOTTOM OF THE 5TH
Barry's Bay Orioles batting - Pitching for Wisconsin Rapids Rangers : RHP Jack Hampton
Batting: RHB James Tucker 0-0: Ground out 5-3 (Groundball, 5)
Batting: RHB Guy Morrison 0-0: Called Strike
0-1: Foul Ball, location: 2F
0-2: Ball
1-2: Foul Ball, location: 2F
1-2: Foul Ball, location: 2F
1-2: Ball
2-2: Ball
3-2: Strikes out swinging
Batting: LHB Carlos Romero 0-0: Called Strike
0-1: Ball
1-1: Called Strike
1-2: Strikes out swinging
Bottom of the 5th over - 0 run(s), 0 hit(s), 0 error(s), 0 left on base; Wisconsin Rapids 1 - Barry's Bay 0
TOP OF THE 6TH
Wisconsin Rapids Rangers batting - Pitching for Barry's Bay Orioles : RHP Ramón Marerro
Batting: SHB Forest Cruz 0-0: Ball
1-0: Fly out, F7 (Flyball, 7S)
Batting: RHB Jesús Silva 0-0: Ball
1-0: Ground out 5-3 (Groundball, 56)
Batting: SHB José González 0-0: Called Strike
0-1: Ball
1-1: Foul Ball, location: 2F
1-2: Strikes out swinging
Top of the 6th over - 0 run(s), 0 hit(s), 0 error(s), 0 left on base; Wisconsin Rapids 1 - Barry's Bay 0
BOTTOM OF THE 6TH
Barry's Bay Orioles batting - Pitching for Wisconsin Rapids Rangers : RHP Jack Hampton
Batting: RHB Curt Wagner 0-0: Ball
1-0: Foul Ball, location: 2F
1-1: Ball
2-1: Swinging Strike
2-2: Strikes out swinging, 2-3 out at first.
Batting: RHB Jason Ward 0-0: Swinging Strike
0-1: Ball
1-1: Ball
2-1: Foul Ball, location: 2F
2-2: Strikes out swinging
Batting: LHB Manuel Pérez 0-0: Ball
1-0: Fly out, F4 (Popup, 4MD)
Bottom of the 6th over - 0 run(s), 0 hit(s), 0 error(s), 0 left on base; Wisconsin Rapids 1 - Barry's Bay 0
TOP OF THE 7TH
Wisconsin Rapids Rangers batting - Pitching for Barry's Bay Orioles : RHP Ramón Marerro
Pitching: RHP Tim Osborne
Batting: RHB Salvador Vázquez 0-0: Ball
1-0: Foul Ball, location: 2F
1-1: Ball
2-1: SINGLE (Line Drive, 89M)
Batting: RHB Troy Reed 0-0: Bunted foul
0-1: Bunted foul
0-2: Grounds into double play, 4-6-3 (Groundball, 4)
Batting: RHB Aurelio Cruz 0-0: Fly out, F2 (Popup, 2RF)
Top of the 7th over - 0 run(s), 1 hit(s), 0 error(s), 0 left on base; Wisconsin Rapids 1 - Barry's Bay 0
BOTTOM OF THE 7TH
Barry's Bay Orioles batting - Pitching for Wisconsin Rapids Rangers : RHP Jack Hampton
Batting: LHB Howard Evans 0-0: Foul Ball, location: 2F
0-1: Ball
1-1: Foul Ball, location: 2F
1-2: Strikes out swinging
Batting: RHB Sergio Solíz 0-0: Ground out 5-3 (Groundball, 56)
Batting: LHB José Rodríguez 0-0: Ball
1-0: Swinging Strike
1-1: Ball
2-1: SINGLE (Line Drive, 9S)
Batting: RHB James Tucker 0-0: Ball
1-0: Called Strike
1-1: Ball
2-1: Swinging Strike
2-2: Foul Ball, location: 2F
2-2: Strikes out looking
Bottom of the 7th over - 0 run(s), 1 hit(s), 0 error(s), 1 left on base; Wisconsin Rapids 1 - Barry's Bay 0
TOP OF THE 8TH
Wisconsin Rapids Rangers batting - Pitching for Barry's Bay Orioles : RHP Tim Osborne
Batting: RHB Andrés Bustamante 0-0: Ball
1-0: Ground out 1-3 (Groundball, 25)
Batting: RHB Júlio Sánchez 0-0: Ball
1-0: Ball
2-0: DOUBLE (Groundball, 5L)
Batting: LHB Luis Rodríguez 0-0: Intentional Walk
Batting: SHB Forest Cruz 0-0: Swinging Strike
0-1: Foul Ball, location: 2F
0-2: Ball
1-2: Fly out, F9 (Flyball, 89M)
Batting: RHB Jesús Silva 0-0: Called Strike
0-1: Ball
1-1: Fielders Choice at 2nd, 5-4 (Groundball, 56)
Top of the 8th over - 0 run(s), 1 hit(s), 0 error(s), 1 left on base; Wisconsin Rapids 1 - Barry's Bay 0
BOTTOM OF THE 8TH
Barry's Bay Orioles batting - Pitching for Wisconsin Rapids Rangers : RHP Jack Hampton
Pitching: RHP Jesús Martínez
Now at 1B: Juan García
Batting: RHB Guy Morrison 0-0: Swinging Strike
0-1: Ball
1-1: Ball
2-1: Swinging Strike
2-2: Foul Ball, location: 2F
2-2: Strikes out looking
Batting: LHB Carlos Romero 0-0: Called Strike
0-1: Swinging Strike
0-2: Ball
1-2: Ball
2-2: SOLO HOME RUN (Flyball, 9D), Distance : 359 ft
Pinch Hitting: RHB Rob Schmidt 0-0: Foul Ball, location: 2F
0-1: Ball
1-1: Ball
2-1: Foul Ball, location: 2F
2-2: Foul Ball, location: 2F
2-2: Ball
3-2: Strikes out looking
Pinch Hitting: RHB Tommy Wilson 0-0: Ball
1-0: Called Strike
1-1: Ball
2-1: Ground out U3 (Groundball, 3S)
Bottom of the 8th over - 1 run(s), 1 hit(s), 0 error(s), 0 left on base; Wisconsin Rapids 1 - Barry's Bay 1
TOP OF THE 9TH
Wisconsin Rapids Rangers batting - Pitching for Barry's Bay Orioles : RHP Tim Osborne
Pitching: RHP Artie Hall
Now at 1B: Tommy Wilson
Now at 2B: Rob Schmidt
Pinch Hitting: LHB Ramón Córdova 0-0: Ball
1-0: Ball
2-0: Ball
3-0: Base on Balls
Batting: RHB Salvador Vázquez
Pinch Hitting: LHB Ronald Gordon 0-0: Ball
1-0: Ball
2-0: Bunt missed!
2-1: Sac Bunt - play at first, batter OUT! 1-4
Ramón Córdova to second
Batting: RHB Troy Reed 0-0: Swinging Strike
0-1: Foul Ball, location: 2F
0-2: Ball
1-2: Strikes out swinging
Batting: RHB Aurelio Cruz 0-0: Called Strike
0-1: Called Strike
0-2: Ball
1-2: SINGLE (Flyball, 7S)
Ramón Córdova to third
Runner from 3rd tries for Home, SAFE, no throw or cutoff
Batting: RHB Andrés Bustamante 0-0: Ball
1-0: Ball
2-0: Ball
3-0: Called Strike
3-1: Foul Ball, location: 2F
3-2: Foul Ball, location: 2F
3-2: Strikes out swinging
Top of the 9th over - 1 run(s), 1 hit(s), 0 error(s), 1 left on base; Wisconsin Rapids 2 - Barry's Bay 1
BOTTOM OF THE 9TH
Barry's Bay Orioles batting - Pitching for Wisconsin Rapids Rangers : RHP Jesús Martínez
Now at 2B: Luis Garza
Now in CF: Ramón Córdova
Batting: LHB Manuel Pérez 0-0: Foul Ball, location: 2F
0-1: Swinging Strike
0-2: Ball
1-2: SINGLE (Flyball, 89S)
Pinch Runner at 1st Orlando Valenzuela:
Batting: LHB Howard Evans 0-0: Ball
1-0: Foul Ball, location: 2F
1-1: Ball
2-1: Ball
3-1: Base on Balls
Orlando Valenzuela to second
Batting: RHB Sergio Solíz 0-0: Ball
1-0: Foul Ball, location: 2F
1-1: Ball
2-1: Foul Ball, location: 2F
2-2: Foul Ball, location: 2F
2-2: Ball
3-2: Strikes out looking
Batting: LHB José Rodríguez 0-0: Ball
1-0: Swinging Strike
1-1: Called Strike
1-2: Strikes out swinging
Batting: RHB James Tucker 0-0: Ball
1-0: Ball
2-0: SINGLE (Groundball, 6MD)
Orlando Valenzuela to third
Howard Evans to second
Runner from 3rd tries for Home, SAFE, no throw or cutoff
Pitching: LHP Luis Cota
Pinch Runner at 2nd Luis Flores:
Batting: RHB Guy Morrison 0-0: Called Strike
0-1: Reached on error, E5 (Groundball, 56)
Luis Flores to third
James Tucker to second
Pitching: RHP Jorge Flores
Batting: LHB Carlos Romero 0-0: Ball
1-0: Foul Ball, location: 2F
1-1: Ball
2-1: Ball
3-1: Base on Balls
Luis Flores scores
James Tucker to third
Guy Morrison to second
Monday, December 5th, 2016 - OOTP Baseball 17.12 Build 75